 Dungeon Crawl Stone Soup version 0.31-a0-1009-g454b1f1e0a (webtiles) character file.

Game seed: 12401268154435775363

284 Gumption the Shield-Bearer (level 6, -3/61 HPs)
             Began as a Troll Fighter on Nov 16, 2023.
             Was an Initiate of the Shining One.
             Slain by Pikel
             ... wielding a +1 whip of flaming
              (9 damage)
             ... on level 4 of the Dungeon.
             The game lasted 00:16:09 (3178 turns).

Gumption the Shield-Bearer (Troll Fighter)          Turns: 3178, Time: 00:16:10

Health: -3/61      AC:  6    Str: 25    XL:     6   Next: 7%
Magic:  5/5        EV:  9    Int:  4    God:    the Shining One [......]
Gold:   151        SH:  8    Dex: 11    Spells: 5/5 levels left

rFire   . .          .
                       - Unarmed
rCold   . . .        b - +0 kite shield
rNeg    + . .        s - +1 robe {rN+}
rPois   .            w - +1 hat
rElec   .            (no cloak)
rCorr   .            (gloves unavailable)
SInv    .            (boots unavailable)
Will    .....        (no amulet)
Stlth   +            (no ring)
HPRegen 1.10/turn    (no ring)
MPRegen 0.09/turn

%: no passive effects
@: mighty, glowing
A: large, unfitting armour, claws 3, regeneration 1, shaggy fur 1, tough skin 1
a: Renounce Religion


You were on level 4 of the Dungeon.
You worshipped the Shining One.
The Shining One was noncommittal.
You visited 1 branch of the dungeon, and saw 4 of its levels.
You also visited: Sewer.

You collected 151 gold pieces.

Inventory:

Missiles
 h - 10 poisoned darts (quivered)
Armour
 b - a +0 kite shield (worn)
 s - a +1 robe of positive energy (worn)
 w - a +1 hat (worn)
Wands
 p - a wand of flame (22)
 r - a wand of polymorph (6)
 x - a wand of roots (12)
Scrolls
 e - a scroll of revelation
 f - a scroll of enchant armour {unknown}
 i - 2 scrolls of fog {unknown}
 j - a scroll of teleportation {unknown}
 l - a scroll of butterflies
 o - 2 scrolls of enchant weapon {unknown}
 q - a scroll of blinking {unknown}
Potions
 a - a potion of brilliance
 c - a potion of might
 d - a potion of cancellation
 g - a potion of magic
 k - a potion of attraction
 m - 5 potions of curing
 n - a potion of lignification {unknown}
 t - a potion of berserk rage {unknown}
 u - a potion of invisibility {unknown}
 v - a potion of degeneration {unknown}


   Skills:
 + Level 3.0 Fighting
 + Level 3.2 Dodging
 * Level 4.2 Shields
 * Level 4.0 Unarmed Combat


You had 5 spell levels left.
You didn't know any spells.
Your spell library was empty.

Dungeon Overview and Level Annotations

Branches:
Dungeon (4/15)              Sewer (visited)
 Temple: D:4-7

Altars:
The Shining One

Annotations:
D:3 Sigmund
D:4 Pikel


Innate Abilities, Weirdness & Mutations

You are too large for most types of armour.
You have claws for hands.
Your natural rate of healing is unusually fast.
You are covered in fur. (AC +1)
You have tough skin. (AC +1)


Message History

You barely miss Pikel.
Pikel is lightly wounded.
You block Pikel's attack.
You closely miss Pikel.
Pikel is lightly wounded.
Pikel hits you with a +1 whip of flaming.
* * * LOW HITPOINT WARNING * * *
Pikel burns you.
* * * LOW HITPOINT WARNING * * *
You scratch Pikel but do no damage.
Pikel is lightly wounded.
You block Pikel's attack.
You miss Pikel.
Pikel is lightly wounded.
Pikel barely misses you.
You scratch Pikel.
Pikel is lightly wounded.
You block Pikel's attack.
You closely miss Pikel.
Pikel is lightly wounded.
Pikel hits you with a +1 whip of flaming!
* * * LOW HITPOINT WARNING * * *
Pikel burns you.
* * * LOW HITPOINT WARNING * * *
You closely miss Pikel.
Pikel is lightly wounded.
Pikel hits you with a +1 whip of flaming.
* * * LOW HITPOINT WARNING * * *
Pikel burns you.
* * * LOW HITPOINT WARNING * * *
You claw Pikel!
Pikel is moderately wounded.
Pikel barely misses you.
You closely miss Pikel.
Pikel is moderately wounded.
Pikel closely misses you.
You feel very mighty all of a sudden.
Pikel hits you with a +1 whip of flaming!
You die...
Pikel says, "Another soul for the market."

#.######### #.#
#######.##### #....##.....#
#....###.##.# #....# #.##.#
#..#'###'##.#
######..#.....##.#####
######.55K@..#.≈≈≈.#.......
.......55#####.....##.##+##
.........# +.._..'†.#....
.........# #.....##.+....
.........## #.≈≈§.####....
.........##. #.....# #....
.........##..#+###'## ##+#.
5K.......##.........# #.#.
.........######.....####.#.


You could see Pikel and 4 lemures.

Vanquished Creatures
  Blork the orc (D:4)
  An orc priest (D:3)
  Jessica (D:2)
  Ijyb (D:4)
  An orc wizard (D:3)
  A hell rat (Sewer)
  An adder (D:2)
  3 worms (D:3)
  A dart slug (D:4)
  3 orcs (D:3)
  6 ball pythons
  7 endoplasms
  2 giant cockroaches (D:2)
  6 hobgoblins
  5 quokkas
  3 bats
  5 frilled lizards
  4 goblins
  7 kobolds
  9 rats
68 creatures vanquished.

Notes
Turn   | Place    | Note
-------+----------+-------------------------------------------
     0 | D:1      | Gumption the Troll Fighter began the quest for the Orb.
     0 | D:1      | Reached XP level 1. HP: 22/22 MP: 0/0
   239 | D:1      | Reached XP level 2. HP: 29/29 MP: 1/1
   878 | D:1      | Reached XP level 3. HP: 33/36 MP: 2/2
  1120 | D:2      | Noticed Jessica
  1637 | D:2      | Killed Jessica
  1638 | D:2      | Reached XP level 4. HP: 28/44 MP: 3/3
  1770 | D:3      | Found a faded altar of an unknown god.
  1865 | D:3      | Noticed Sigmund
  2044 | D:3      | Found a glowing drain.
  2062 | Sewer    | Entered a sewer
  2367 | D:3      | Reached XP level 5. HP: 34/52 MP: 4/4
  2909 | D:4      | Noticed Blork the orc
  2916 | D:4      | Killed Blork the orc
  3056 | D:4      | Found a glowing golden altar of the Shining One.
  3065 | D:4      | Became a worshipper of the Shining One
  3132 | D:4      | Noticed Ijyb
  3144 | D:4      | Killed Ijyb
  3145 | D:4      | Reached XP level 6. HP: 56/61 MP: 5/5
  3152 | D:4      | Noticed Pikel
  3175 | D:4      | HP: 3/61 [Pikel/+1 whip of flaming (1)]
  3178 | D:4      | Slain by Pikel

Illustrated notes

Levels and vault maps discovered:
D:1:      lightli_arrival_chessboard, layout_loops_corners
D:2:      layout_basic, uniq_jessica
D:3:      layout_loops_ring, ebering_ecumenical_altar_rust,
          cheibrodos_sewer_entry_bend, uniq_sigmund
D:4:      layout_basic, mainiacjoe_overflow_six_doors_small, uniq_pikel,
          uniq_eustachio, uniq_edmund, uniq_blork_the_orc, uniq_ijyb

Skill      XL: |  1  2  3  4  5 |
---------------+----------------+-----
Shields        | 3 4 |  4.2
Unarmed Combat | 3 4 |  4.0
Dodging        | 3 |  3.2
Fighting       | 3 |  3.0

Action                     |  1- 3 |  4- 6 || total
---------------------------+-------+-------++-------
  Melee: Unarmed           |    76 |    89 ||   165
  Throw: Dart              |     3 |     8 ||    11
    Use: Scroll            |     3 |     4 ||     7
         Potion            |       |     2 ||     2
 Armour: Robe              |    37 |    33 ||    70
         Skin              |     6 |       ||     6
  Dodge: Dodged            |    30 |    21 ||    51
  Block: Kite shield       |    14 |    26 ||    40

Table legend: (Time is in decaauts)
 A = Elapsed time spent in this place.
 B = Non-inter-level travel time spent in this place.
 C = Inter-level travel time spent in this place.
 D = Time resting spent in this place.
 E = Time spent auto-exploring this place.
 F = Levels seen in this place.
 G = Mean time per level.
                   A        B        C        D        E       F      G
               +--------+--------+--------+--------+--------+-----+--------+
         Total |   3134 |   3134 |      0 |    223 |   1484 |   5 |  626.8 |
       Dungeon |   3040 |   3040 |      0 |    223 |   1484 |   4 |  760.0 |
         Sewer |     94 |     94 |      0 |      0 |      0 |   1 |   94.0 |
               +--------+--------+--------+--------+--------+-----+--------+

Top non-repeatable levels by time:
     D:1: 1096 daAuts
     D:3: 1002 daAuts
     D:2: 661 daAuts
     D:4: 280 daAuts
   Sewer: 94 daAuts
